 Dungeon Crawl Stone Soup version 0.29.1-2-gbd0b4ee654 (webtiles) character file.

Game seed: 12864982793912279631

191 KittyFluff the Trooper (level 5, 0/63 HPs)
             Began as a Demonspawn Berserker on Nov 29, 2022.
             Was a Priest of Trog.
             Slain by a gnoll
             ... wielding a +0 spear
              (3 damage)
             ... on level 3 of the Dungeon.
             The game lasted 00:09:36 (2941 turns).

KittyFluff the Trooper (Demonspawn Berserker)       Turns: 2941, Time: 00:09:37

Health: 0/63       AC:  4    Str: 19    XL:     5   Next: 41%
Magic:  5/5        EV: 12    Int:  9    God:    Trog [***...]
Gold:   266        SH:  0    Dex: 18    Spells: 4/4 levels left

rFire   . . .      SeeInvis .   h - +0 quarterstaff
rCold   . . .      Faith    .   (shield currently unavailable)
rNeg    . . .      Spirit   .   b - +0 animal skin
rPois   .          Reflect  .   (no helmet)
rElec   .          Harm     .   q - +0 cloak
rCorr   .          Rampage  .   (no gloves)
Will    .....                   g - +0 pair of boots
Stlth   ..........              (no amulet)
HPRegen 0.20/turn               i - +6 ring of dexterity
MPRegen 0.09/turn               (no ring)

@: berserking (expiring), very quick
A: claws 1, hooves 1, foul stench 1, spiny 1
a: Renounce Religion, Berserk, Trog's Hand


You were on level 3 of the Dungeon.
You worshipped Trog.
Trog was most pleased with you.
You visited 1 branch of the dungeon, and saw 3 of its levels.

You collected 266 gold pieces.

Inventory:

Hand Weapons
 a - a +0 mace
 h - a +0 quarterstaff (weapon)
 m - a +0 sling
Missiles
 d - 31 stones (quivered)
Armour
 b - a +0 animal skin (worn)
 g - a +0 pair of boots (worn)
 o - a +0 leather armour
 q - a +0 cloak (worn)
Jewellery
 i - a +6 ring of dexterity (left claw)
Scrolls
 e - 3 scrolls of teleportation
 j - a scroll of identify {unknown}
 k - a scroll of fear {unknown}
 l - a scroll of magic mapping {unknown}
 n - a scroll of immolation {unknown}
 r - a scroll of blinking {unknown}
Potions
 c - 2 potions of flight {unknown}
 f - a potion of degeneration {unknown}
 p - a potion of attraction {unknown}


   Skills:
 + Level 4.1 Fighting
 + Level 3.3(3.6) Maces & Flails
 + Level 2.1(3.1) Staves
 * Level 2.7 Armour
 + Level 2.2 Dodging
 + Level 0.3 Stealth


You had 4 spell levels left.
You didn't know any spells.
Your spell library was empty.

Dungeon Overview and Level Annotations

Branches:
Dungeon (3/15)

Altars:

Shops:
D:2 !


Innate Abilities, Weirdness & Mutations

You have sharp fingernails.
You have large cloven feet.
You may rarely emit foul miasma when damaged in melee.
You are partially covered in sharp spines.


Message History

Trog accepts your kill.
Trog appreciates your killing of a magic user.
Reactivating autopickup.
You feel a bit more experienced. The orc hits you with a +0 falchion.
Your base Staves skill increases to level 2!
You sock the orc!
You kill the orc!
Trog accepts your kill.
The gnoll hits you from afar with a +0 spear!
* * * LOW HITPOINT WARNING * * *
A red film seems to cover your vision as you go berserk!
You feel yourself moving faster!
You feel mighty!
The gnoll hits you from afar with a +0 spear.
* * * LOW HITPOINT WARNING * * *
You feel a strong urge to attack something.
Items here: )))) [[[ ††††.
You thump the gnoll!
The gnoll is almost dead.
The gnoll barely misses you. The gnoll is struck by your spines.
You kill the gnoll!
Trog accepts your kill.
The gnoll hits you from afar with a +0 spear.
* * * LOW HITPOINT WARNING * * *
The gnoll barely misses you. x2
Items here: ( )) [.
You hit the gnoll.
The gnoll is heavily wounded.
The gnoll is struck by your spines. The gnoll barely misses you.
The gnoll hits you with a +0 halberd.
* * * LOW HITPOINT WARNING * * *
You sock the gnoll!
You kill the gnoll!
Trog accepts your kill. The gnoll closely misses you.
You closely miss the gnoll.
The gnoll is moderately wounded.
You closely miss the gnoll.
The gnoll is moderately wounded.
The gnoll hits you with a +0 spear.
You die...

#. ###
##.##...#######
..###....# #......#
.......P.###..###.#
.....88..<........#
###....P####......#
#.8.... #.###.##
#.##.##...## #)# ..
#+ ### #@# ##
#g).....# #.#####.#
#.# ... ... ...
##.#.


You could see a gnoll.

Vanquished Creatures
  2 orc wizards (D:3)
  4 gnolls
  3 adders (D:2)
  4 worms (D:2)
  3 orcs (D:3)
  6 ball pythons
  8 bats
  4 endoplasms
  7 goblins
  10 jackals
  A quokka (D:2)
  2 frilled lizards
  5 kobolds
  7 rats
66 creatures vanquished.

Vanquished Creatures (others)
  7 toadstools (D:1)
7 creatures vanquished.

Grand Total: 73 creatures vanquished

Notes
Turn   | Place    | Note
-------+----------+-------------------------------------------
     0 | D:1      | KittyFluff the Demonspawn Berserker began the quest for the
                  | Orb.
     0 | D:1      | Reached XP level 1. HP: 18/18 MP: 1/1
   255 | D:1      | Discovered your monstrous ancestry.
   255 | D:1      | Gained mutation: You have large cloven feet. [demonic
                  | ancestry]
   255 | D:1      | Reached XP level 2. HP: 23/24 MP: 2/2
   303 | D:1      | HP: 1/24 [jackal (1)]
   687 | D:1      | Reached ** piety under Trog
  1083 | D:1      | Gained mutation: You have sharp fingernails. [demonic
                  | ancestry]
  1083 | D:1      | Reached XP level 3. HP: 14/29 MP: 3/3
  2261 | D:2      | Found Uvem's Distillery.
  2296 | D:2      | Found a faded altar of an unknown god.
  2308 | D:2      | Reached skill level 1 in Staves
  2308 | D:2      | Gained mutation: You may rarely emit foul miasma when
                  | damaged in melee. [demonic ancestry]
  2308 | D:2      | Reached XP level 4. HP: 25/37 MP: 4/4
  2773 | D:2      | Reached *** piety under Trog
  2921 | D:3      | Gained mutation: You are partially covered in sharp spines.
                  | [demonic ancestry]
  2921 | D:3      | Reached XP level 5. HP: 18/42 MP: 5/5
  2930 | D:3      | Reached skill level 4 in Fighting
  2938 | D:3      | HP: 2/63 [gnoll/+0 halberd (3)]
  2941 | D:3      | Slain by a gnoll

Illustrated notes

Levels and vault maps discovered:
D:1:      nagdon_arrival_double_spiral, layout_loops_ring, minmay_hexomino_f4
D:2:      layout_loops_cross, basic_altar,
          chequers_ecumenical_altar_simple_redux, serial_shops, shop,
          grunt_ministairs_4, minmay_vboxes
D:3:      minmay_angry_zag, layout_loops_corners, overflow_temple_1_default,
          lemuel_round_altar, serial_undead, serial_undead_c, serial_undead_e,
          serial_undead_c, serial_undead_b, serial_undead_b, serial_undead_c,
          serial_undead_d, serial_undead_d, grunt_ministairs_3

Skill      XL: |  1  2  3  4  5 |
---------------+----------------+-----
Maces & Flails | 3 |  3.3
Armour         | 2 |  2.7
Staves         | 1 2 |  2.1
Dodging        | 2 |  2.2
Fighting       | 4 |  4.1
Stealth        | |  0.3

Action                   |  1- 3 |  4- 6 || total
-------------------------+-------+-------++-------
Melee: Mace              |    72 |       ||    72
       Quarterstaff      |    76 |    60 ||   136
       Kick              |     1 |       ||     1
Invok: Berserk           |     1 |     1 ||     2
  Use: Scroll            |     1 |       ||     1
 Stab: Sleeping          |     2 |       ||     2
Armor: Animal skin       |    36 |    18 ||    54
Dodge: Dodged            |   107 |    47 ||   154
